Cogmind - Beta 17 @@@ ROGUE MODE // 2026.07.21 @ 20:22:09 Player: Cinder Result: Destroyed by G-73 Enforcer with Phase Gun Performance ------------- Evolutions (9) 4500 Regions Visited (14) 2800 Robots Destroyed (135) 675 Value Destroyed (6787) 6787 Prototype IDs (18) 360 Alien Tech Used (1) 200 Bonus (4315) 4315 TOTAL SCORE: 19637 Bonus ------- High Alert Combat Kills 724 Follower Combat Kills 591 Met Warlord at Base 500 MAIN.C Attacked Warlord 500 Warlord Defense Kills 280 Met Warlord at Research 2000 Friendly Fire -280 Cogmind --------- Core Integrity 0/1600 Matter 291/300 Energy 88/100 System Corruption 13% Temperature Cool (9) Movement Core (50) Location -1/Access Parts ------- > --- POWER (2) -------- (None) > --- PROPULSION (8) --- (None) > --- UTILITY (10) ----- (None) > --- WEAPON (5) ------- (None) > --- INVENTORY (5) ---- Quantum Reactor Launcher Loader Enhanced Nova Cannon Peak State ------------ > --- POWER ------------ Light Neutrino Core Quantum Reactor > --- PROPULSION ------- Thunder Leg Myomer Leg Biometal Leg Enhanced Biometal Leg Enhanced Multireflex Exoskeleton Heavy Shield Leg > --- UTILITY ---------- Advanced Cooling System Huge Storage Unit Advanced Launcher Guidance Computer Recoil Stabilizer Launcher Loader Backup Plating VII Layered Medium Armor Plating Layered Medium Armor Plating Centrium Light Armor Plating > --- WEAPON ----------- Railgun Hypervelocity Mass Driver Hypervelocity Mass Driver Heavy Hardcell Cannon > --- INVENTORY -------- Light Quantum Reactor Thunder Leg Thunder Leg Thunder Leg Thunder Leg Biometal Leg Biometal Leg Enhanced Biometal Leg Centrium Wheel Advanced Heat Sink Advanced Cooling System High-capacity Storage Unit High-capacity Storage Unit Matter Compressor Advanced Reaction Control System Experimental Core Shielding Enhanced Nova Cannon Heavy Machine Gun Heavy Machine Gun KE Penetrator Micro-nuke Launcher [Rating: 188] Favorites ----------- Power Cooled Deuterium Engine Engine Cooled Deuterium Engine Power Core Light Neutrino Core Reactor Quantum Reactor Propulsion Titanium Leg Leg Titanium Leg Flight Unit Cesium-ion Thruster Utility Advanced Cooling System Device Advanced Cooling System Storage High-capacity Storage Unit Processor Advanced Launcher Guidance Computer Protection Hardened Medium Armor Plating Weapon Gauss Cannon Energy Cannon Enhanced Nova Cannon Ballistic Gun Heavy Machine Gun Ballistic Cannon Gauss Cannon Launcher Micro-nuke Launcher Build | -11 -10 -10 -8 -7 -6 -5 -4 -4 -4 -4 -3 -3 -2 -1 ------- Run | Yrd Mat Sub Mat Fac Fac Fac Fac Upp Upp War Pro Res Res Acc Slots Evolved 18 | . . . 4 2 2 2 2 . . . . 2 2 2 Power 1 | . . . . . 1 . . . . . . . . . Propulsion 6 | . . . 3 . 1 . 1 . . . . 1 . . Utility 8 | . . . 1 1 . 2 1 . . . . 1 1 1 Weapon 3 | . . . . 1 . . . . . . . . 1 1 Parts Attached 149 | 8 4 . 9 10 13 6 6 . 1 6 4 6 57 19 Power 16 | 2 . . 1 3 2 . 1 . 1 . 1 . 3 2 Engine 7 | 2 . . 1 2 2 . . . . . . . . . Core 2 | . . . . 1 . . 1 . . . . . . . Reactor 7 | . . . . . . . . . 1 . 1 . 3 2 Propulsion 43 | 2 1 . 4 2 4 . 1 . . . 1 4 17 7 Treads . | . . . . . . . . . . . . . . . Leg 41 | 2 1 . 4 2 4 . 1 . . . 1 4 17 5 Wheel . | . . . . . . . . . . . . . . . Hover . | . . . . . . . . . . . . . . . Flight 2 | . . . . . . . . . . . . . . 2 Utility 62 | 2 2 . 2 4 5 5 4 . . 6 2 . 24 6 Device 27 | 1 1 . . 1 4 2 2 . . 1 1 . 10 4 Storage 8 | 1 1 . 2 . . 2 . . . . . . 2 . Processor 4 | . . . . . . . . . . . . . 2 2 Hackware . | . . . . . . . . . . . . . . . Protection 23 | . . . . 3 1 1 2 . . 5 1 . 10 . Artifact . | . . . . . . . . . . . . . . . Weapon 28 | 2 1 . 2 1 2 1 . . . . . 2 13 4 Energy Gun . | . . . . . . . . . . . . . . . Energy Cannon 1 | . . . . . . . . . . . . . 1 . Ballistic Gun 8 | 2 1 . . . . . . . . . . . 4 1 Ballistic Cannon 13 | . . . 2 1 1 . . . . . . 2 4 3 Launcher 6 | . . . . . 1 1 . . . . . . 4 . Special Weapon . | . . . . . . . . . . . . . . . Impact Weapon . | . . . . . . . . . . . . . . . Slashing Weapon . | . . . . . . . . . . . . . . . Piercing Weapon . | . . . . . . . . . . . . . . . Special Melee Weapon . | . . . . . . . . . . . . . . . Unidentified Prototypes 16 | . . . . 1 1 1 1 1 . . . . 11 . Corrupted Parts 2 | . . . . . 1 . . . . . . . 1 . System Corruption 11 | . . . . . 2 . . . . . . . 9 . Parts Lost 62 | . 2 . . . . 1 . . . . 1 17 19 22 Power 4 | . . . . . . . . . . . . 2 1 1 Propulsion 15 | . . . . . . . . . . . . 5 4 6 Utility 25 | . 1 . . . . 1 . . . . 1 5 9 8 Weapon 18 | . 1 . . . . . . . . . . 5 5 7 Highest Loss Streak 11 | . 2 . . . . 1 . . . . 1 11 7 9 To Critical Strikes . | . . . . . . . . . . . . . . . Average Backups 15 | 1 3 5 7 12 13 13 16 20 20 19 19 17 18 18 Power 1 | . 1 2 1 1 . 1 2 2 2 2 2 2 1 . Propulsion 3 | . . 1 . 1 2 2 2 4 4 4 4 4 4 7 Utility 7 | . . 1 2 4 6 5 7 10 10 9 9 8 8 7 Weapon 3 | . . 1 3 5 4 4 4 4 4 4 4 3 3 3 Tool/Special . | . . . . . . . . . . . . . . . Unused Backups 30 | . 1 . 1 6 . . 1 1 . . 1 . 10 9 Power 6 | . . . . 4 . . 1 . . . . . . 1 Propulsion 10 | . . . . . . . . . . . . . 4 6 Utility 10 | . 1 . . . . . . 1 . . 1 . 5 2 Weapon 4 | . . . 1 2 . . . . . . . . 1 . Tool/Special . | . . . . . . . . . . . . . . . Average Slot Usage (%) 91 | . 95 100 85 98 92 95 96 94 94 99 99 86 89 72 Engine 6 | . 14 14 9 3 12 11 10 10 9 5 5 3 . . Core 1 | . . . . 3 . . . . . . . . 3 1 Reactor 2 | . . . . . . . . . . 5 5 3 4 5 Leg 33 | . 28 28 36 38 40 35 36 36 36 36 36 34 31 22 Device 12 | . 10 14 9 7 2 12 15 15 15 14 15 17 15 10 Storage 6 | . 14 14 13 14 6 5 5 5 5 5 5 4 4 3 Protection 9 | . . . . 5 9 10 11 10 10 15 14 7 14 8 Ballistic Gun 3 | . 28 28 4 . . . . . . . . . 3 3 Ballistic Cannon 12 | . . . 13 23 20 16 15 15 14 14 15 13 4 8 Peak Build Rating 188 | 7 7 7 27 43 57 67 84 79 80 88 95 109 179 188 Average Rating 85 | 5 6 7 19 36 52 62 78 78 78 84 92 96 142 151 On Entrance 57 | . 7 7 7 27 43 56 67 79 79 80 88 95 45 179 Avg Prop Armor Cover (%) 3 | . . . . 2 . . . . . . . 1 . 33 Naked Turns 26 | . . . . . . . . . . . . . . 26 Heaviest Build 195 | 15 19 19 42 66 88 102 113 113 113 117 117 117 181 195 Greatest Support 219 | 20 20 20 71 81 104 104 120 120 120 120 120 141 219 216 Greatest Overweight (x) 1 | . . . . . . . . . . . . . 1 . Average Overweight (x) . | . . . . . . . . . . . . . . . Largest Inventory Capacity 25 | 8 10 10 15 15 15 20 20 20 20 20 20 20 25 25 Average Capacity 18 | 7 8 10 10 15 15 15 20 20 20 20 20 20 22 23 Most Carried 25 | 2 7 5 10 15 15 15 20 20 20 20 20 19 25 25 Average Carried 16 | 1 3 5 9 14 14 14 16 19 20 19 19 17 19 19 Final Capacity 25 | 8 10 10 15 15 15 20 20 20 20 20 20 20 25 5 Final Carried 25 | 2 5 5 10 15 15 14 20 20 20 20 20 18 25 4 Class Distribution -------------------- 57% | Scavenger-Tank 11% | Mutant 9% | Tank 8% | Scavenger-Mutant 5% | Scavenger-Gunner 4% | Commander-Tank Dominant Class ---------------- Mutant | -10/Materials Mutant | -10/Subcaves Mutant | -8/Materials Tank | -7/Factory Tank | -6/Factory Scavenger-Tank | -5/Factory Scavenger-Tank | -4/Factory Scavenger-Tank | -4/Upper Caves Scavenger-Tank | -4/Upper Caves Commander-Tank | -4/Warlord Scavenger-Tank | -3/Proximity Caves Scavenger-Tank | -3/Research Scavenger-Tank | -2/Research Scavenger-Gunner | -1/Access Resources | -11 -10 -10 -8 -7 -6 -5 -4 -4 -4 -4 -3 -3 -2 -1 ----------- Run | Yrd Mat Sub Mat Fac Fac Fac Fac Upp Upp War Pro Res Res Acc Matter Collected 8890 | 255 257 114 326 264 511 443 606 46 306 214 275 582 3081 1610 Remotely 1958 | . . . . . 130 14 226 . 136 . . 354 1098 . Salvage Created 4780 | 26 257 . 165 208 254 225 694 46 152 131 54 357 890 1321 Parts 187 | 3 21 . 6 8 6 14 35 3 . 2 . 19 25 45 Haulers Intercepted 4 | . 1 . . 1 1 . 1 . . . . . . . Recyclers Shooed 7 | . . . 1 . . . 2 . . . . 1 . 3 Parts Field Recycled . | . . . . . . . . . . . . . . . Retrieved Matter . | . . . . . . . . . . . . . . . Parts Self-Destructed 8 | . . . . . . . . 2 . . 6 . . . Prevented . | . . . . . . . . . . . . . . . Parts Restored . | . . . . . . . . . . . . . . . Kills | -11 -10 -10 -8 -7 -6 -5 -4 -4 -4 -4 -3 -3 -2 -1 ------- Run | Yrd Mat Sub Mat Fac Fac Fac Fac Upp Upp War Pro Res Res Acc Combat Hostiles Destroyed 111 | . 9 . 6 4 5 13 7 1 6 2 3 9 27 19 Guns 11 | . 9 . . . . . . . . . . . 1 1 Cannons 64 | . . . 6 4 5 3 7 1 1 1 3 7 8 18 AOE 36 | . . . . . . 10 . . 5 1 . 2 18 . Classes Destroyed 21 | 1 3 . 1 1 3 . 3 . . . 2 1 4 2 Worker 4 | . . . . . . . 3 . . . . . . 1 Builder 7 | . . . . . . . 5 . . . . . . 2 Tunneler 3 | 1 . . . . . . . . . . . 2 . . Hauler 4 | . 1 . . 1 1 . 1 . . . . . . . Recycler 5 | . . . . 1 . . 1 . . . . 1 . 2 Operator 1 | . . . . . . . . . . . . . . 1 Drone 1 | . . . . . . . . . . . 1 . . . Swarmer 26 | . 6 . 2 . . 9 . . 4 . . . 5 . Cutter 3 | . . . . . . . . . . . . 3 . . Saboteur 1 | . . . . . . . . . . . . . . 1 Grunt 33 | . 3 . 3 3 2 2 3 . . 2 1 3 8 3 Brawler 3 | . . . . . 1 . . . 1 . . . . 1 Duelist 2 | . . . . . . . . . . . 1 . 1 . Sentry 9 | . . . 1 1 . . 2 1 1 . . . . 3 Demolisher 3 | . . . . . . . . . . . . . 3 . Specialist 3 | . . . . . . . 1 . . . . . . 2 Hunter 4 | . . . . . 1 1 . . . . . . . 2 Programmer 15 | . . . . . 1 1 1 . . . . 3 2 7 Behemoth 1 | . . . . . . . . . . . . . 1 . Striker 4 | . . . . . . . . . . . . . 4 . Executioner 3 | . . . . . . . . . . . . . 3 . Best Kill Streak 10 | 1 3 . 3 3 2 6 7 1 4 1 2 3 5 10 Combat Bots Only 6 | . 3 . 3 3 2 6 4 1 4 1 2 3 5 6 Max Kills in Single Turn 4 | 1 1 . 1 1 2 3 2 1 2 1 1 2 4 2 Gunslinging . | . . . . . . . . . . . . . . . Exploded 4 | . . . . . . 3 . . 2 1 . 2 4 . Melee . | . . . . . . . . . . . . . . . Uniques/NPCs Destroyed . | . . . . . . . . . . . . . . . Combat | -11 -10 -10 -8 -7 -6 -5 -4 -4 -4 -4 -3 -3 -2 -1 -------- Run | Yrd Mat Sub Mat Fac Fac Fac Fac Upp Upp War Pro Res Res Acc Hostile Shots Fired 1120 | . 67 4 37 18 12 41 92 4 13 18 24 168 252 370 Missed 460 | . 20 2 13 5 7 16 52 1 6 11 19 72 99 137 Deflected 12 | . . . . . . . . . . . . . . 12 Hits 660 | . 47 2 24 13 5 25 40 3 7 7 5 96 153 233 Melee 13 | . . . . . . . . . . . . 6 6 1 Projectile 647 | . 47 2 24 13 5 25 40 3 7 7 5 90 147 232 AOE 26 | . . . . . . . . . . . . 2 23 1 Critical Strikes 36 | . . 1 . . . 1 . . . . . 17 11 6 Actively Blocked 1 | . . . . . . . . . . . . . . 1 Damage Taken 17444 | . 471 46 325 98 112 691 496 72 137 259 139 2825 6135 5638 Core 2637 | . 92 28 13 . . 76 . 24 . . 18 235 537 1614 Absorbed by Shields 99 | . . . . . . . . . . . . . 9 90 Redirected to Shielding 156 | . . . . . . . . . . . . . 36 120 Ignored by Resistances 101 | . . . . . . . 101 . . . . . . . Regen/Repaired (Parts) 441 | . . . . . . . 73 . . 113 . . 255 . Core Remaining (%) 86 | 100 . 52 97 100 100 92 . . . . 96 81 62 . Volleys Fired 348 | 6 36 . 20 15 20 19 29 6 12 6 14 34 85 46 Largest 4 | 2 2 . 2 3 3 3 3 3 3 3 3 3 4 4 Hottest 215 | 40 40 . 77 114 117 116 117 117 117 117 117 117 213 215 Shots Fired 838 | 12 72 . 35 33 54 33 87 10 23 18 40 92 163 166 Gun 189 | 12 72 . 4 . . . . . . . . . 47 54 Cannon 582 | . . . 31 33 54 28 87 10 15 16 40 89 68 111 Launcher 67 | . . . . . . 5 . . 8 2 . 3 48 1 Special . | . . . . . . . . . . . . . . . Kinetic 767 | 12 72 . 35 33 54 28 87 10 15 16 40 89 111 165 Thermal 4 | . . . . . . . . . . . . . 4 . Explosive 67 | . . . . . . 5 . . 8 2 . 3 48 1 Electromagnetic . | . . . . . . . . . . . . . . . Robot Hit Streak 24 | 3 11 . 8 9 6 17 6 4 6 9 5 12 24 10 Robot Miss Streak 12 | 2 2 . 6 5 10 12 7 2 5 5 9 10 6 7 Penetration Max 1 | . . . . . . . 1 . . . . . 1 1 Secondary Targets 1 | . 1 . . . . . . . . . . . . . Max Gunslinging Chain 1 | . 1 . . . . . . . . . . . . . Shots Hit Robots 509 | 7 47 . 25 24 33 23 55 4 11 12 20 50 101 97 Core Hits 387 | 2 17 . 15 28 28 39 59 4 19 16 12 51 63 34 Critical Kills 11 | . . . . . . . . . . . . . 4 7 Critical Parts Destroyed 18 | . 1 . . . . . . . . . . . 8 9 Critical Strikes 58 | . 1 . 2 . 4 1 8 . 2 . . 4 15 21 Destroy 32 | . 1 . . . . . . . . . . . 12 19 Blast 26 | . . . 2 . 4 1 8 . 2 . . 4 3 2 Melee Attacks . | . . . . . . . . . . . . . . . Impact . | . . . . . . . . . . . . . . . Slashing . | . . . . . . . . . . . . . . . Piercing . | . . . . . . . . . . . . . . . Sneak Attacks . | . . . . . . . . . . . . . . . Combat Hostiles . | . . . . . . . . . . . . . . . Follow-up Attacks . | . . . . . . . . . . . . . . . Damage Inflicted 20785 | 84 529 . 440 585 877 1313 1693 91 831 761 490 1502 7059 4530 Guns 2101 | 84 525 . 42 . . . . . . . . . 449 1001 Cannons 10814 | . . . 386 564 859 488 1450 91 239 289 490 1291 1286 3381 Explosions 7526 | . . . . . . 825 . . 592 472 . 173 5324 140 Melee . | . . . . . . . . . . . . . . . Ramming 344 | . 4 . 12 21 18 . 243 . . . . 38 . 8 Kinetic 12830 | 84 525 . 428 564 859 488 1450 91 239 289 490 1291 1650 4382 Thermal 85 | . . . . . . . . . . . . . 85 . Explosive 7526 | . . . . . . 825 . . 592 472 . 173 5324 140 Electromagnetic . | . . . . . . . . . . . . . . . Impact . | . . . . . . . . . . . . . . . Slashing . | . . . . . . . . . . . . . . . Piercing . | . . . . . . . . . . . . . . . Highest Corruption 13 | . . . . 1 5 1 . . . . . 10 11 13 Average Corruption 2 | . . . . 1 1 1 . . . . . 8 2 5 Corruption Purged 5 | . . . . . 5 . . . . . . . . . Corruption Blocked . | . . . . . . . . . . . . . . . Effects 39 | . . . . 6 4 4 . . . . . 9 2 14 Message Errors 8 | . . . . 2 . 2 . . . . . 1 . 3 Matter Fused 10 | . . . . . 1 1 . . . . . 2 2 4 Heat Flow Errors 4 | . . . . . 1 . . . . . . . . 3 Energy Discharges 3 | . . . . 1 1 . . . . . . 1 . . Parts Rejected 1 | . . . . . 1 . . . . . . . . . Data Loss (minor) 4 | . . . . 2 . . . . . . . 1 . 1 Data Loss (major) 1 | . . . . 1 . . . . . . . . . . Misfires 1 | . . . . . . 1 . . . . . . . . Misdirections 4 | . . . . . . . . . . . . 2 . 2 Weapon Failures 3 | . . . . . . . . . . . . 2 . 1 Overload Shots . | . . . . . . . . . . . . . . . Overflow Damage 665 | . . . . . 18 . 65 . 14 . . 16 294 258 Projectiles 293 | . . . . . 18 . . . 2 . . 8 7 258 Explosions 299 | . . . . . . . . . 12 . . . 287 . Melee 73 | . . . . . . . 65 . . . . 8 . . Knockbacks 149 | . . . 8 10 7 20 10 . 1 1 13 41 15 23 Impact 3 | . . . . . 1 . 2 . . . . . . . Kinetic 136 | . . . 7 8 6 20 8 . 1 1 13 35 15 22 Secondary 10 | . . . 1 2 . . . . . . . 6 . 1 Self-Inflicted Damage 637 | . . . . . . 44 . . 33 . . 61 495 4 Shots 8 | . . . . . . 1 . . 1 . . 1 5 . Rammed 4 | . . . . . . . . . . . . . . 4 Targets Rammed 19 | . 2 . 2 2 1 . 7 . . . . 1 . 4 Kicked 15 | . 2 . 2 2 1 . 7 . . . . 1 . . Crushed . | . . . . . . . . . . . . . . . Highest Temperature 352 | . 9 251 58 78 242 . . . 153 72 200 . 267 352 Average Temperature 72 | . 4 251 28 33 89 . . . 80 29 99 . 58 71 Received Heat Transfer 1615 | . 120 289 144 30 27 9 36 9 . 33 21 255 378 264 Effects 4 | . . . . . 3 . . . . . . . . 1 Interference 3 | . . . . . 3 . . . . . . . . . Damage (minor) 1 | . . . . . . . . . . . . . . 1 Siege Activations . | . . . . . . . . . . . . . . . Martial Activations . | . . . . . . . . . . . . . . . Shielding Activations 1 | . . . . . . . . . . . . . . 1 Total Turns 36 | . . . . . . . . . . . . . . 36 Longest Duration 36 | . . . . . . . . . . . . . . 36 Robots Disrupted . | . . . . . . . . . . . . . . . Combat Hostiles . | . . . . . . . . . . . . . . . Robots Corrupted 2 | . . . . . . . 2 . . . . . . . Combat Hostiles . | . . . . . . . . . . . . . . . Parts Fried 3 | . . . . . . . 3 . . . . . . . Impact Corruptions 4 | . . . . . . . 3 . . . . 1 . . Robots Melted . | . . . . . . . . . . . . . . . Combat Hostiles . | . . . . . . . . . . . . . . . Parts Melted 8 | . . . 1 . 1 3 2 . . . . . 1 . Heat Transferred 74 | . . . . . . . . . . . . . 74 . Parts Sabotaged 3 | . . . . . . . . . . . . . . 3 Parts Stolen . | . . . . . . . . . . . . . . . Parts Stripped . | . . . . . . . . . . . . . . . Power Chain Reactions . | . . . . . . . . . . . . . . . Alert | -11 -10 -10 -8 -7 -6 -5 -4 -4 -4 -4 -3 -3 -2 -1 ------- Run | Yrd Mat Sub Mat Fac Fac Fac Fac Upp Upp War Pro Res Res Acc Maximum Alert Level 3 | . . . . . . . . . . . . . 3 3 Low Security (%) 75 | 100 100 . 100 100 100 100 100 . . . . 100 50 . Level 1 5 | . . . . . . . . . . . . . 19 . Level 2 16 | . . . . . . . . . . . . . 25 91 Level 3 2 | . . . . . . . . . . . . . 4 8 Level 4 . | . . . . . . . . . . . . . . . Level 5 . | . . . . . . . . . . . . . . . High Security . | . . . . . . . . . . . . . . . Max Security . | . . . . . . . . . . . . . . . Peak Influence 858 | . 110 . 142 70 54 196 141 . . . . 157 771 858 Initial 460 | . . . . 59 7 1 91 . . . . 150 45 460 Average 160 | . 58 . 42 20 14 73 71 . . . . 116 245 568 Influence Increases 4768 | 5 261 . 255 163 214 394 341 20 135 308 106 456 1190 920 Destroy 0b10 Robot/C 2420 | . 180 . 120 80 120 260 140 20 120 200 80 180 540 380 Destroy 0b10 Robot/NC 135 | 5 5 . . 10 10 . 50 . 5 . 5 15 . 30 Destroy Leader 438 | . 32 . 20 22 42 40 32 . 10 . 10 30 110 90 Allied During Kill 121 | . . . . . 2 . . . . 108 11 . . . Successful Hack 78 | . 14 . 1 35 . 14 14 . . . . . . . Disable Machine 120 | . . . 30 15 15 . 15 . . . . . 45 . Destroy Structure 781 | . . . 39 1 10 80 30 . . . . 66 465 90 Advance Influence 150 | . . . . . . . . . . . . 150 . . Partial Spotted 15 | . . . . . . . . . . . . . 15 . Lose Combat Pursuer 510 | . 30 . 45 . 15 . 60 . . . . 15 15 330 Influence Decreases 3910 | 5 198 63 123 278 227 210 418 131 106 61 382 376 502 830 Entered New Map 904 | . . 31 . 73 10 3 97 42 . 29 276 . 35 308 Time Decay 2352 | 5 178 32 123 205 177 197 321 89 106 32 82 206 297 302 Lost Part 600 | . 20 . . . . 10 . . . . 10 170 170 220 Lost Ally 54 | . . . . . 40 . . . . . 14 . . . Squads Dispatched 42 | . 1 . 4 4 5 3 9 . . . . 3 2 11 Investigation 9 | . . . 1 3 . 1 2 . . . . . . 2 Extermination 8 | . . . . 1 1 . 2 . . . . 1 . 3 Reinforcement 19 | . 1 . . . 4 2 5 . . . . 2 2 3 Assault 3 | . . . . . . . . . . . . . . 3 Garrison 3 | . . . 3 . . . . . . . . . . . Intercept . | . . . . . . . . . . . . . . . Searches Triggered . | . . . . . . . . . . . . . . . Construction Impeded 5 | . . . . . 1 1 2 . . . . . . 1 Haulers Reinforced 2 | . . . . . 1 . . . . . . . 1 . Active Scanning Responses . | . . . . . . . . . . . . . . . Cargo Convoy Interrupts . | . . . . . . . . . . . . . . . Stealth | -11 -10 -10 -8 -7 -6 -5 -4 -4 -4 -4 -3 -3 -2 -1 --------- Run | Yrd Mat Sub Mat Fac Fac Fac Fac Upp Upp War Pro Res Res Acc Distress Signals 17 | . 1 . 1 2 . 1 2 . . . . 1 9 . Communications Jammed . | . . . . . . . . . . . . . . . Distress Signals . | . . . . . . . . . . . . . . . Times Spotted 300 | . 16 2 21 17 19 23 25 1 7 22 7 19 56 65 Peak Tracking Total 24 | . 7 2 7 7 4 6 9 1 4 11 4 6 8 24 Tactical Retreats 16 | . 1 . 2 . 1 . 1 . . . . 1 1 9 Traps | -11 -10 -10 -8 -7 -6 -5 -4 -4 -4 -4 -3 -3 -2 -1 ------- Run | Yrd Mat Sub Mat Fac Fac Fac Fac Upp Upp War Pro Res Res Acc Traps Triggered 6 | . . . 1 . 2 2 . . . . . . . 1 Indirectly . | . . . . . . . . . . . . . . . Trap Hack Attempts . | . . . . . . . . . . . . . . . Triggered . | . . . . . . . . . . . . . . . Disarmed . | . . . . . . . . . . . . . . . Reprogrammed . | . . . . . . . . . . . . . . . Reused . | . . . . . . . . . . . . . . . Traps Extracted . | . . . . . . . . . . . . . . . Installed . | . . . . . . . . . . . . . . . Triggered . | . . . . . . . . . . . . . . . Machines | -11 -10 -10 -8 -7 -6 -5 -4 -4 -4 -4 -3 -3 -2 -1 ---------- Run | Yrd Mat Sub Mat Fac Fac Fac Fac Upp Upp War Pro Res Res Acc Machines Disabled 9 | . . . 2 1 1 . 1 1 . . . . 3 . Max in Single Turn 2 | . . . 2 1 1 . 1 1 . . . . 2 . Garrison Access 3 | . . . . . . . . . . . . . 3 . Machines Repaired . | . . . . . . . . . . . . . . . Machines Dismantled . | . . . . . . . . . . . . . . . Machines Sabotaged . | . . . . . . . . . . . . . . . Overloaded Fab Kills . | . . . . . . . . . . . . . . . Hacking | -11 -10 -10 -8 -7 -6 -5 -4 -4 -4 -4 -3 -3 -2 -1 --------- Run | Yrd Mat Sub Mat Fac Fac Fac Fac Upp Upp War Pro Res Res Acc Machines Accessed 26 | . 1 . 4 8 2 1 4 3 . . . 1 1 1 Terminals 15 | . 1 . 3 4 2 1 2 . . . . 1 . 1 Fabricators 3 | . . . . 3 . . . . . . . . . . Repair Stations 1 | . . . . . . . 1 . . . . . . . Recycling Units 1 | . . . . 1 . . . . . . . . . . Scanalyzers 3 | . . . 1 . . . 1 . . . . . 1 . Garrison Access . | . . . . . . . . . . . . . . . Total Hacks 52 | . 2 . 9 15 2 2 9 7 . . . 2 2 2 Successful 22 | . 1 . 5 5 . 1 3 7 . . . . . . Failed 30 | . 1 . 4 10 2 1 6 . . . . 2 2 2 Catastrophic 9 | . . . . 3 2 1 1 . . . . 1 1 . Database Lockouts . | . . . . . . . . . . . . . . . Manual 35 | . 2 . 5 15 2 2 4 . . 1 . 2 . 2 Terminals 27 | . 2 . 6 7 2 2 4 . . . . 2 . 2 Fabricators 7 | . . . . 7 . . . . . . . . . . Repair Stations 1 | . . . . . . . 1 . . . . . . . Recycling Units 1 | . . . . 1 . . . . . . . . . . Scanalyzers 9 | . . . 3 . . . 4 . . . . . 2 . Garrison Access . | . . . . . . . . . . . . . . . Terminal Hacks 8 | . . . . . . . 1 7 . . . . . . Record 6 | . . . . . . . . 6 . . . . . . Prototype ID Bank 1 | . . . . . . . 1 . . . . . . . Open Door 1 | . . . . . . . . 1 . . . . . . Fabricator Hacks . | . . . . . . . . . . . . . . . Repair Station Hacks . | . . . . . . . . . . . . . . . Recycling Unit Hacks . | . . . . . . . . . . . . . . . Scanalyzer 4 | . . . 3 . . . 1 . . . . . . . Retrieve Study 4 | . . . 3 . . . 1 . . . . . . . Garrison Access Hacks . | . . . . . . . . . . . . . . . Unauthorized Hacks 10 | . 1 . 2 5 . 1 1 . . . . . . . Terminals 6 | . 1 . 2 2 . 1 . . . . . . . . Track 1 | . . . . 1 . . . . . . . . . . Botnet 5 | . 1 . 2 1 . 1 . . . . . . . . Fabricators 2 | . . . . 2 . . . . . . . . . . Liberate 1 | . . . . 1 . . . . . . . . . . Fabnet 1 | . . . . 1 . . . . . . . . . . Repair Stations 1 | . . . . . . . 1 . . . . . . . Patch 1 | . . . . . . . 1 . . . . . . . Recycling Units 1 | . . . . 1 . . . . . . . . . . Reject 1 | . . . . 1 . . . . . . . . . . Scanalyzers . | . . . . . . . . . . . . . . . Garrison Access . | . . . . . . . . . . . . . . . Data Cores Recovered 1 | . . . . . . . . . . . . . . 1 Used . | . . . . . . . . . . . . . . . Hacking Detections 19 | . 1 . 3 6 2 1 3 . . . . 1 1 1 Full Trace Events 5 | . . . . 3 . . 1 . . . . . . 1 Feedback Events 1 | . . . . 1 . . . . . . . . . . Corruption 1 | . . . . 1 . . . . . . . . . . Feedback Blocked . | . . . . . . . . . . . . . . . Robot Schematics Acquired . | . . . . . . . . . . . . . . . Robots Built . | . . . . . . . . . . . . . . . Authchips . | . . . . . . . . . . . . . . . Time . | . . . . . . . . . . . . . . . Total Robot Build Rating . | . . . . . . . . . . . . . . . Part Schematics Acquired . | . . . . . . . . . . . . . . . Parts Built . | . . . . . . . . . . . . . . . Authchips . | . . . . . . . . . . . . . . . Time . | . . . . . . . . . . . . . . . Total Part Build Rating . | . . . . . . . . . . . . . . . Part Studies Acquired 4 | . . . 3 . . . 1 . . . . . . . Parts Repaired . | . . . . . . . . . . . . . . . Time . | . . . . . . . . . . . . . . . Parts Recycled . | . . . . . . . . . . . . . . . Recycled Matter . | . . . . . . . . . . . . . . . Retrieved Matter . | . . . . . . . . . . . . . . . Retrieved Components . | . . . . . . . . . . . . . . . Parts Scanalyzed . | . . . . . . . . . . . . . . . Part Schematics Acquired . | . . . . . . . . . . . . . . . Parts Damaged . | . . . . . . . . . . . . . . . Bothacking | -11 -10 -10 -8 -7 -6 -5 -4 -4 -4 -4 -3 -3 -2 -1 ------------ Run | Yrd Mat Sub Mat Fac Fac Fac Fac Upp Upp War Pro Res Res Acc Used RIF Installer . | . . . . . . . . . . . . . . . Robots Hacked 5 | . . . . . 5 . . . . . . . . . Non-combat . | . . . . . . . . . . . . . . . Combat 5 | . . . . . 5 . . . . . . . . . Robot Hacks Applied . | . . . . . . . . . . . . . . . Relay Couplers Released 4 | . . . . . . . . . . . . . 4 . Machine Destruction 4 | . . . . . . . . . . . . . 4 . Fabnet Peak Effective % 3 | . . . . . 3 1 . . . . . . . . Autooverrided 5 | . . . . . 5 . . . . . . . . . Robots Rewired 5 | . . . . . . . . . . 5 . . . . Allies Hacked . | . . . . . . . . . . . . . . . Hacks Repelled . | . . . . . . . . . . . . . . . Allies | -11 -10 -10 -8 -7 -6 -5 -4 -4 -4 -4 -3 -3 -2 -1 -------- Run | Yrd Mat Sub Mat Fac Fac Fac Fac Upp Upp War Pro Res Res Acc Total Allies 12 | . . . . . 5 . . 2 . 5 . . . . Largest Group 5 | . . . . . 2 . . 2 . 5 3 . . . Highest-Rated Group 275 | . . . . . 70 . . 75 . 275 180 . . . Highest-Rated Ally 68 | . . . . . 41 . . 46 . 68 68 . . . Total Orders . | . . . . . . . . . . . . . . . Ally Attacks 75 | . . . . . 28 . . . . 30 17 . . . Total Damage 2519 | . . . . . 543 . . . . 1349 627 . . . Kills 13 | . . . . . 2 . . . . 8 3 . . . Allies Corrupted . | . . . . . . . . . . . . . . . Allies Melted 2 | . . . . . . . . . . 1 . . 1 . Intel | -11 -10 -10 -8 -7 -6 -5 -4 -4 -4 -4 -3 -3 -2 -1 ------- Run | Yrd Mat Sub Mat Fac Fac Fac Fac Upp Upp War Pro Res Res Acc Active Infowar (turns) 4581 | 6 301 172 345 746 61 188 174 567 438 634 45 . 904 . Seismic 4581 | 6 301 172 345 746 61 188 174 567 438 634 45 . 904 . Robot Analysis Total . | . . . . . . . . . . . . . . . Derelict Logs Recovered 2 | . . . . . . . . 1 1 . . . . . Drone Launches . | . . . . . . . . . . . . . . . Drone Recoveries . | . . . . . . . . . . . . . . . Exploration | -11 -10 -10 -8 -7 -6 -5 -4 -4 -4 -4 -3 -3 -2 -1 ------------- Run | Yrd Mat Sub Mat Fac Fac Fac Fac Upp Upp War Pro Res Res Acc Turns Passed 8585 | 87 414 172 345 746 641 535 778 567 438 634 324 420 1818 666 Spaces Moved 6012 | 49 245 144 221 548 423 368 538 466 343 473 233 254 1250 457 Core 76 | 4 . . . . . . . . . . . . . 72 Treads . | . . . . . . . . . . . . . . . Legs 5906 | 45 245 144 221 548 423 368 538 466 343 473 233 254 1250 355 Wheels . | . . . . . . . . . . . . . . . Hover . | . . . . . . . . . . . . . . . Flight 30 | . . . . . . . . . . . . . . 30 Fastest Speed 32 | 50 120 120 111 111 116 120 115 115 115 115 115 113 112 32 Average Speed 115 | 114 120 120 118 114 117 120 116 115 115 115 115 114 116 97 Slowest Speed 179 | 120 120 120 126 120 120 120 120 115 115 115 115 120 179 116 Overloaded Moves . | . . . . . . . . . . . . . . . Propulsion Burnouts . | . . . . . . . . . . . . . . . Robots Hopped 3 | . . . . . . . . . . . . . . 3 Potential Cave-ins . | . . . . . . . . . . . . . . . Cave-ins Triggered . | . . . . . . . . . . . . . . . Exploration Rate (%) 30 | 4 48 13 24 18 12 16 18 69 49 80 43 6 39 17 Regions Visited 14 Branch Regions 5 Pre-discovered Areas . | . . . . . . . . . . . . . . . Known Exits Taken 1 | . . . . . . . . . . . 1 . . . Unknown Exits Taken 13 | 1 1 1 1 1 1 1 1 1 1 1 . 1 1 . Scrap Searched 10 | . . . . . . . . 3 4 . 3 . . . Spaces Dug 3 | . . . 1 . . . . . . . . . 2 . Terrain Destroyed 541 | . . . 40 1 9 39 16 2 85 28 4 29 253 35 Melee . | . . . . . . . . . . . . . . . Projectile 84 | . . . 8 1 9 2 16 2 3 3 4 . 11 25 AOE 457 | . . . 32 . . 37 . . 82 25 . 29 242 10 Terrain Rammed . | . . . . . . . . . . . . . . . Walls Destroyed . | . . . . . . . . . . . . . . . Machines Disabled . | . . . . . . . . . . . . . . . Actions | -11 -10 -10 -8 -7 -6 -5 -4 -4 -4 -4 -3 -3 -2 -1 --------- Run | Yrd Mat Sub Mat Fac Fac Fac Fac Upp Upp War Pro Res Res Acc Total 7037 | 64 296 143 271 640 523 427 622 493 363 549 260 309 1523 554 Wait 184 | 1 2 . 3 36 51 16 28 9 2 12 1 1 17 5 Move 5992 | 48 244 143 220 547 422 367 537 465 342 472 232 253 1249 451 Hop 3 | . . . . . . . . . . . . . . 3 Pick Up 119 | 1 5 . 8 16 5 4 10 4 . 1 3 7 46 9 Fast Attach 56 | 7 1 . 3 2 5 4 1 2 . 3 1 . 19 8 Attach 74 | . 1 . 2 2 2 4 2 . . 1 1 8 32 19 Detach 13 | . . . . . . . . . . 1 . . 10 2 Swap 78 | 1 2 . 5 6 8 8 5 1 6 5 2 2 25 2 Drop 103 | . 3 . 8 14 8 5 3 6 1 5 6 3 38 3 Fire 348 | 6 36 . 20 15 20 19 29 6 12 6 14 34 85 46 Melee . | . . . . . . . . . . . . . . . Ram 6 | . . . . . . . . . . . . . . 6 Kick 15 | . 2 . 2 2 1 . 7 . . . . 1 . . Crush . | . . . . . . . . . . . . . . . Escape Stasis . | . . . . . . . . . . . . . . . Rewire 46 | . . . . . 1 . . . . 43 . . 2 . Trap . | . . . . . . . . . . . . . . . Miscellaneous . | . . . . . . . . . . . . . . . Route ------- -11/Scrapyard -10/Materials (discovered 3 exits: [*Mat x2] / [*Sub]) -10/Subcaves -8/Materials -7/Factory (discovered 2 exits: *Fac / [*Low]) -6/Factory -5/Factory -4/Factory (discovered 2 exits: *Res / *Upp) -4/Upper Caves -4/Upper Caves (discovered 2 exits: Res / *War) -4/Warlord -3/Proximity Caves -3/Research (discovered 2 exits: *Res / Arm) -2/Research (discovered 2 exits: *Acc x2) -1/Access History --------- Turn | Location | Event 3 | -11/Scrapyard | Discovered new exit (range 16) 88 | -11/Scrapyard | Entered Materials 304 | -10/Materials | Build established: Mutant 323 | -10/Materials | Discovered new exit (range 16) 362 | -10/Materials | Discovered new exit (range 15) 491 | -10/Materials | Discovered new exit (range 9) 502 | -10/Materials | Entered Subcaves 636 | -10/Subcaves | Discovered new exit (range 3) 674 | -10/Subcaves | Entered Materials 674 | -8/Materials | Evolved 4 slots: Propulsion x3, Utility x1 709 | -8/Materials | Garrison activated, responded to threat 854 | -8/Materials | Met 7R-MNS 1007 | -8/Materials | Discovered new exit (range 11) 1019 | -8/Materials | Entered Factory 1019 | -7/Factory | Evolved 2 slots: Utility x1, Weapon x1 1020 | -7/Factory | Caught up to 7R-MNS 1106 | -7/Factory | Discovered new exit (range 10) 1603 | -7/Factory | Build established: Tank 1748 | -7/Factory | Discovered new exit (range 14) 1765 | -7/Factory | Entered another Factory area 1765 | -6/Factory | Evolved 2 slots: Power x1, Propulsion x1 1766 | -6/Factory | Caught up to 7R-MNS 2143 | -6/Factory | Local machine network offline 2402 | -6/Factory | Discovered new exit (range 4) 2406 | -6/Factory | Entered another Factory area 2406 | -5/Factory | Evolved 2 slots: Utility x2 2407 | -5/Factory | Caught up to 7R-MNS 2447 | -5/Factory | Build established: Scavenger-Tank 2901 | -5/Factory | Discovered new exit (range 14) 2941 | -5/Factory | Entered another Factory area 2941 | -4/Factory | Evolved 2 slots: Propulsion x1, Utility x1 2942 | -4/Factory | Caught up to 7R-MNS 3349 | -4/Factory | Discovered new exit (range 10) 3611 | -4/Factory | 7R-MNS successfully reached the Upper Caves 3705 | -4/Factory | Discovered new exit (range 9) 3719 | -4/Factory | Entered Upper Caves 3738 | -4/Upper Caves | Attracted the attention of an 0b10 checkpoint 4057 | -4/Upper Caves | Entered an active Warlord outpost 4060 | -4/Upper Caves | A Commander dispatched an escort 4068 | -4/Upper Caves | Learned Research terminal intel 4073 | -4/Upper Caves | Learned Research emergency access door positions 4073 | -4/Upper Caves | Learned Armory stockpile data 4073 | -4/Upper Caves | Learned Armory security intel 4251 | -4/Upper Caves | Found Alien Artifact 4251 | -4/Upper Caves | Identified Dimensional Node Initializer 4251 | -4/Upper Caves | Initialized slip node 4272 | -4/Upper Caves | Discovered new exit (range 5) 4286 | -4/Upper Caves | Entered another Upper Caves area 4286 | -4/Upper Caves | Accompanied by 2 allies 4287 | -4/Upper Caves | Commander's escort returned to base 4287 | -4/Upper Caves | Commander's escort returned to base 4287 | -4/Upper Caves | Encountered a Warlord checkpoint 4326 | -4/Upper Caves | Attracted the attention of an 0b10 checkpoint 4500 | -4/Upper Caves | Identified exit to Research 4715 | -4/Upper Caves | Discovered new exit (range 6) 4724 | -4/Upper Caves | Entered Warlord 5142 | -4/Warlord | Met Warlord 5158 | -4/Warlord | Warlord's base attacked by MAIN.C 5239 | -4/Warlord | Build established: Commander-Tank 5287 | -4/Warlord | Spotted B-86 Titan 5297 | -4/Warlord | Allies destroyed B-86 Titan 5299 | -4/Warlord | Spotted B-90 Cyclops 5312 | -4/Warlord | Allies destroyed B-90 Cyclops 5336 | -4/Warlord | Discovered new exit (range 12) 5358 | -4/Warlord | P-80 Master assimilated allied Disruptor 7a 5358 | -4/Warlord | Entered Proximity Caves 5358 | -3/Proximity Caves | Accompanied by 3 allies 5520 | -3/Proximity Caves | Spotter reported a threat 5671 | -3/Proximity Caves | Discovered exit to Research (range 12) 5682 | -3/Proximity Caves | Entered Research 5682 | -3/Research | Evolved 2 slots: Propulsion x1, Utility x1 5683 | -3/Research | Identified exit to Armory 5685 | -3/Research | Loaded intel: 25 terminal locations 5970 | -3/Research | System corruption reached 10% 5991 | -3/Research | Lost 3 parts (1n1u1w) 6014 | -3/Research | Found Launcher Loader 6029 | -3/Research | Discovered new exit (range 12) 6083 | -3/Research | Lost 11 parts (1p3n4u3w) 6102 | -3/Research | Entered another Research area 6102 | -2/Research | Warlord forces began assault on 0b10 6102 | -2/Research | Evolved 2 slots: Utility x1, Weapon x1 6128 | -2/Research | Lost 3 parts (1p1n1w) 6183 | -2/Research | Met up with Warlord 6212 | -2/Research | Research machine network offline 6374 | -2/Research | Spotted Striker 6409 | -2/Research | Found Prototype Launcher 6412 | -2/Research | Found Prototype Launcher 6582 | -2/Research | Build established: Scavenger-Tank 6607 | -2/Research | Identified Smartbomb Launcher (x2) 6710 | -2/Research | Spotted Striker 6710 | -2/Research | Spotted Striker 6773 | -2/Research | Borebot progress halted 6781 | -2/Research | Found Prototype Device 6783 | -2/Research | Identified Exp. Thermal Shield 6811 | -2/Research | Spotted Executioner 6849 | -2/Research | Spotted Striker 6880 | -2/Research | Destroyed Striker 6891 | -2/Research | Lost 5 allies 6925 | -2/Research | Borebot progress halted 6958 | -2/Research | Lost 7 parts (1n3u3w) 7071 | -2/Research | Spotted Striker 7084 | -2/Research | Destroyed Striker 7125 | -2/Research | Spotted B-90 Cyclops 7214 | -2/Research | Destroyed B-90 Cyclops 7331 | -2/Research | Found Prototype Launcher 7353 | -2/Research | Identified Ragnarok Missile Launcher 7371 | -2/Research | Spotted Executioner 7375 | -2/Research | Spotted Executioner 7380 | -2/Research | Destroyed Executioner 7434 | -2/Research | Lost 5 parts (2n2u1w) 7615 | -2/Research | Given Cave Seal Controls access code 7659 | -2/Research | Spotted Striker 7659 | -2/Research | Spotted Striker 7663 | -2/Research | Destroyed Striker 7664 | -2/Research | Destroyed Striker 7691 | -2/Research | Found Prototype Processor 7691 | -2/Research | Identified Exp. Core Analyzer 7714 | -2/Research | Build established: Scavenger-Mutant 7787 | -2/Research | Spotted Executioner 7797 | -2/Research | Destroyed Executioner 7846 | -2/Research | Spotted Executioner 7849 | -2/Research | Destroyed Executioner 7905 | -2/Research | Discovered new exit (range 11) 7912 | -2/Research | Discovered new exit (range 14) 7916 | -2/Research | Spotted Striker 7918 | -2/Research | System corruption reached 10% 7920 | -2/Research | Entered Access 7920 | -1/Access | Evolved 2 slots: Utility x1, Weapon x1 8148 | -1/Access | Lost 7 parts (1p1n2u3w) 8170 | -1/Access | First assault squad dispatched 8363 | -1/Access | Build established: Scavenger-Gunner 8445 | -1/Access | System corruption reached 10% 8507 | -1/Access | Lost 9 parts (1n4u4w) 8526 | -1/Access | Released all parts (19) 8564 | -1/Access | Core integrity fell below 50% 8577 | -1/Access | Core integrity fell below 20% 8586 | -1/Access | Destroyed by G-73 Enforcer with Phase Gun Last Messages --------------- 08531_ Acquired Exp. Core Shielding. 08531_ Cesium-ion Thruster destroyed. 08537_ Acquired 75 matter. 08538_ K-01 Serf collects debris. 08539_ System corrupted: Matter fused (-6). 08542_ Cesium-ion Thruster destroyed. 08546_ Exp. Core Shielding destroyed. 08555_ System corrupted: Heat flow error (+145). 08558_ Imp. Thunder Leg destroyed. 08558_ Knocked back. 08563_ Slammed into S-43 Plague. 08565_ S-43 Plague system corrupted by crushing effect. 08565_ Slammed into S-43 Plague. 08569_ Knocked back. 08580_ Acquired Phase Shifter. 08583_ Phase Shifter destroyed. 08583_ Slammed into K-01 Serf. 08584_ ALERT: Potential suspicious activity detected, Programmers report to Access Zone 7X. 08585_ System corrupted: Matter fused (-7). Map ----- +----------------------------------------------------+ | ?????????????? ######## | | ??????????????? #??????# | | ????????????????? [ ???????# ######/######## | | ?????????????????? ????????# # #? | | ?????????###+#######"########## # #? | | ?????##### # #? | | ?????+ # #? | | ?????# " + #? | | ?????+ %" # #? | | ?????######/########+############### #? | | ?????# == !==# *% #???# #? | | ?????# =!!=]]%=# %% #???# #? | | ?????# **[] /!# #???# #? | | ?????# !!!!=!=# #?### % % #? | | ?????# " *===! # ## ## #? | | ?????#""" = # ! | #"#?############+#? | | ?????# """ # * = #?????????????# #? | | ?????# " # ==!|##?????????????# #? | | ?????# # ! ! *=#??????????????#%#? | | ?????+ #[ =!%!=== ##?????????????# #? | | ?????# %# %%!![== !!##?????????????#%#? | | ?????# # %* !!%%=*###????????????# #? | | ?????########## #######+####+##= #????????????# #? | | #######################%####%#####????????????# #? | | u k #???????????????# #? | | g gg %@ #???????????????# #? | | t k k k #???????????????# #? | | #######+#########+#### ###;##########???????#%#? | | # ! ## # # !! #???????#%#? | | # ## # # ss #########%#? | | # !## # # != / #? | | # ## # # s ######### ## | | # = #?? # # #????#### "# | | #] == #???? # ##/#####/##########" | | # = #######+## H | | # + | | #################### % | | ###??????????????????######+#########+####### | | ????????????????????????? ????? ????###### | | ??????????????????????? ? ????????? | | ??????????????????????# " # ? " ???????? | | ??????????????????????# """ # ??""" #??????? | | ??????????????????????# """ #??? """ #??????? | | ??????????????????????# " #??? " #??????? | | ??????????????????????# #?? ? #??????? | | ??????????????????????# #?? ??? #??????? | | ??????????????????????###########??##????##??????? | | ?????????????????????????????????????????????????? | | ?????????????????????????????????????????????????? | | ?????????????????????????????????????????????????? | +----------------------------------------------------+ Best States ------------- Heat Dissipation 102 Energy Generation 45 Energy Capacity 600 Matter Stores 450 Matter Capacity 450 Sight Range 16 Terrain Scan Density 10 Armor Coverage 975 Resistance: KI 20 Resistance: TH 10 Core Shielding 40 Phase Shifting 10 Evasion (%) 87 Targeting Accuracy 16 Launcher Accuracy 40 Recoil Reduction 4 Matter Filtering 30 Item Schematics ----------------- None Robot Schematics ------------------ None Fabricated ------------ Nothing Repaired ---------- Nothing Studied --------- Titanium Leg | -8/Materials | Hacked Aluminum Leg | -8/Materials | Hacked Flak Cannon | -8/Materials | Hacked Carbon-fiber Leg | -4/Factory | Hacked Alien Tech Used ----------------- Dimensional Node Initializer Achievements -------------- Escorted To Danger Metal Spider Welcome To The Revolution Challenges ------------ None Game ------ Seed IntegrityAblativeJack Manual? 0 Play Time 01:58:29 Cumulative 197.1 hours Start 2026.07.21 @ 17:50:12 End 2026.07.21 @ 20:22:09 Sessions 1 Manual Loads 0 Difficulty Rogue Special Mode None Game No. 259 Rogue 259 Adventurer 0 Explorer 0 Win Type - Total 4 Types 4/0/0/0/0/0/0/0/0/0 Lore% 79 Gallery% 60 Achievement% 48 Wizard Run 0 Options --------- Layout 0 ASCII 0 Keyboard 0 Movement Numpad Keybinds 0 Fullscreen 1 Font 18/Terminus Map View 76x50 Zoom Use 0% Tactical HUD 1 Map Filters NONE Filters NONE Steam 1 RUN: 1aee42b6-abda-4849-87f7-495472ff8606